Selects Heavy Armor Battlegroup
Construct Section Command Post
Construct Platoon Command Post
Selects Rigorous Vehicle Training
Unlock M3 Stuart Light Tanks
6-pounder Anti-tank Gun Team
Selects Light Vehicle Withdraw and Refit
6-pounder Anti-tank Gun Team
Light Vehicle Withdraw and Refit
Light Vehicle Withdraw and Refit
Construct Company Command Post
Selects Crusader AA Medium Tank
Construct Field Infirmary
6-pounder Anti-tank Gun Team
6-pounder Anti-tank Gun Team
Selects Churchill Black Prince Heavy Tank
Churchill Black Prince Heavy Tank